 Dungeon Crawl Stone Soup version 0.29-a0-923-g6e406bff71 (webtiles) character file.

Game seed: 16102623451533829336

74316 scionoferis the Martial Artist (level 15, -1/116 HPs)
             Began as an Octopode Ice Elementalist on July 26, 2022.
             Was an Initiate of Gozag.
             Slain by a caustic shrike simulacrum (8 damage)
             ... in an ice cave on July 27, 2022.
             The game lasted 03:01:01 (38882 turns).

scionoferis the Martial Artist (OpIE)              Turns: 38882, Time: 03:01:03

Health: -1/116     AC: 11    Str:  9    XL:     15   Next: 46%
Magic:  17/30      EV: 20    Int: 23    God:    Gozag
Gold:   1259       SH:  0    Dex: 13    Spells: 12/36 levels left

rFire   . . .      SeeInvis +     - Unarmed
rCold   + + +      Faith    .   (shield currently unavailable)
rNeg    . . .      Spirit   .   (helmet currently unavailable)
rPois   +          Reflect  .   (no amulet)
rElec   .          Harm     .   D - ring of flight
rCorr   .          Rampage  .   s - ring of see invisible
Will    +++..                   B - ring of willpower
Stlth   +++.......              d - ring of protection from fire
HPRegen 0.29/turn               n - +4 ring of evasion
MPRegen 0.22/turn               t - +4 ring of evasion
                                G - ring of willpower
                                (no ring)

@: ice-form, gold aura, flying, studying Ranged Weapons
A: freezing attack, boosted hp, almost no armour, amphibious, 8 rings, large,
(camouflage 1), (gelatinous body 1), (nimble swimmer 1), (tentacles)
a: End Transformation, Renounce Religion, Potion Petition, Call Merchant, Bribe
Branch


You were in an ice cave.
You worshipped Gozag.
Gozag was most pleased with you.
You were a creature of crystalline ice.
You visited 3 branches of the dungeon, and saw 20 of its levels.
You also visited: Ice Cave and Volcano.

You collected 5987 gold pieces.
You spent 2342 gold pieces at shops.
You paid 2386 gold pieces to Gozag.

Inventory:

Missiles
 k - 8 boomerangs (quivered)
Magical Staves
 b - a staff of cold (melded)
Jewellery
 d - a ring of protection from fire (on tentacle)
 j - the ring "Wiritez" {Ice rElec Will+ Dex+5 Stlth-}
   (You bought it in a shop on level 9 of the Dungeon)

   [ring of ice]

   It enhances your ice magic.
   Dex:       It affects your dexterity (+5).
   rF:        It makes you vulnerable to fire.
   rC:        It protects you from cold.
   rElec:     It insulates you from electricity.
   Will:      It increases your willpower.
   Stlth:     It makes you less stealthy.
 n - a +4 ring of evasion (on tentacle)
 o - a ring of ice
 s - a ring of see invisible (right front paw)
 t - a +4 ring of evasion (on tentacle)
 B - a ring of willpower (on tentacle)
 D - a ring of flight (left front paw)
 G - a ring of willpower (on tentacle)
Wands
 u - a wand of acid (3)
 z - a wand of flame (23)
 A - a wand of iceblast (46)
 F - a wand of mindburst (7)
Scrolls
 c - 4 scrolls of poison
 l - 4 scrolls of butterflies
 p - 8 scrolls of teleportation
 C - 2 scrolls of summoning
Potions
 h - 3 potions of might
 m - 2 potions of cancellation
 q - 9 potions of curing
 r - 4 potions of brilliance
 v - 3 potions of resistance
 x - a potion of invisibility
 E - 4 potions of haste
Miscellaneous
 i - a phantom mirror
 w - a phial of floods
 y - a condenser vane


   Skills:
 - Level 7.1 Fighting
 - Level 7.7 Dodging
 - Level 6.0 Stealth
 + Level 11.6 Unarmed Combat
 + Level 11.4 Spellcasting
 - Level 8.0 Conjurations
 - Level 3.3 Translocations
 * Level 5.0 Transmutations
 - Level 11.5 Ice Magic
 + Level 10.7 Air Magic
 + Level 5.3 Evocations


You had 12 spell levels left.
You knew the following spells:

 Your Spells              Type           Power      Damage    Failure   Level
a - Airstrike             Air            29%        0-10+     1%          4
b - Frozen Ramparts       Ice            100%       1d12      1%          3
c - Ozocubu's Armour      Ice            60%        N/A       1%          3
d - Hailstorm             Conj/Ice       55%        3d12      1%          4
e - Ice Form              Ice/Tmut       50%        N/A       1%          4
f - Swiftness             Air            58%        N/A       1%          3
g - Apportation           Tloc           56%        N/A       1%          1
h - Blink                 Tloc           56%        N/A       1%          2

Your spell library contained the following spells:

 Spells                   Type           Power      Damage    Failure   Level
 Freeze                   Ice            100%       1d11      1%          1
 Shock                    Conj/Air       100%       1d9       1%          1
 Passwall                 Tmut/Erth      20%        N/A       2%          2
 Stone Arrow              Conj/Erth      62%        3d10      2%          3
 Lesser Beckoning         Tloc           28%        N/A       3%          3
 Necrotise                Necr           52%        1d6       4%          1
 Sandblast                Erth           26%        2d8       4%          1
 Summon Small Mammal      Summ           52%        N/A       4%          1
 Manifold Assault         Tloc           28%        N/A       34%         5
 Storm Form               Tmut/Air       24%        N/A       86%         7
 Simulacrum               Ice/Necr       Unusable   N/A       N/A         6

Dungeon Overview and Level Annotations

Branches:
Dungeon (14/15)            Temple (1/1) D:5            Lair (5/5) D:9
 Shoals (0/4) Lair:2        Snake (0/4) Lair:2        Slime (0/5) Lair:5
    Orc (0/2) D:10         Vaults (0/5) D:13          IceCv (1/1)
Volcano (visited)

Altars:
Ashenzari
Cheibriados
Fedhas
Gozag
Kikubaaqudgha
Nemelex Xobeh
Qazlal
Ru
Sif Muna
Trog
Uskayaw
Vehumet
Wu Jian
Xom
Yredelemnul
Zin
The Shining One
Jiyva

Shops:
D:6 [   D:9 *=?   D:10 (   D:13 :

Portals:
Abyss: Lair:3

Annotations:
D:12 3 runed translucent doors, ragingrage's ghost, journeyman GrAr
Lair:3 2 transporters, valliere's ghost, journeyman MiFi
Lair:5 exclusion: obsidian statue


Innate Abilities, Weirdness & Mutations

You are a creature of crystalline ice.
You have a powerful freezing melee attack.
Your maximum health is increased.
Your armour is entirely melded.
You are incapable of wielding weapons or throwing items.
You cannot wear most types of armour.
You are amphibious.
You can wear up to eight rings at the same time.
((Your skin changes colour to match your surroundings (Stealth+).))
((Your rubbery body absorbs attacks. (AC +1, EV +1)))
((You are camouflaged when in or above water. (Stealth+)))
((You have tentacles for arms and can constrict up to eight enemies at once.))


Message History

The caustic shrike simulacrum closely misses you.
Aiming: Throw Flame
Press: ? - help, Shift-Dir - straight line, f - caustic shrike simulacrum
Aim: a caustic shrike simulacrum (severely damaged, unable to see you, 64% to hit)
The puff of flame hits the caustic shrike simulacrum.
The caustic shrike simulacrum melts!
The caustic shrike simulacrum is severely damaged.
The caustic shrike simulacrum completely misses you.
The caustic shrike simulacrum barely misses you.
Aiming: Throw Flame
Press: ? - help, Shift-Dir - straight line, f/p - caustic shrike simulacrum
Aim: a caustic shrike simulacrum (severely damaged, unable to see you, 64% to hit)
The puff of flame hits the caustic shrike simulacrum!
The caustic shrike simulacrum melts!
The caustic shrike simulacrum is almost destroyed.
The caustic shrike simulacrum claws you.
The caustic shrike simulacrum freezes you!
You resist.
* * * LOW HITPOINT WARNING * * *
The caustic shrike simulacrum misses you.
Casting: Ozocubu's Armour (safe; 1% risk of failure)
Confirm with . or Enter, or press ? or * to list all spells.
Your icy body feels more resilient.
The caustic shrike simulacrum closely misses you.
The anaconda simulacrum barely misses you.
The caustic shrike simulacrum claws you!
* * * LOW HITPOINT WARNING * * *
The caustic shrike simulacrum freezes you!
You resist.
* * * LOW HITPOINT WARNING * * *
The anaconda simulacrum misses you.
Your icy armour will break if you move.
Continue?
Your icy armour cracks and falls away as you move.
You flicker back into view.
The caustic shrike simulacrum claws you.
* * * LOW HITPOINT WARNING * * *
The caustic shrike simulacrum freezes you!
You resist.
You die...
Your body crumbles into a pile of gold.

#######
#.....## . $
#.$....## ..Z
#.......#...Z
#.∩..∩.....ZZ
#..Z....#....
#..ZY..## ..Z
#.....##
#######


You could see an anaconda simulacrum, a dire elephant simulacrum and a caustic
shrike simulacrum.

Vanquished Creatures
  Rupert (Lair:4)
  An ironbound preserver (D:13)
  2 dire elephants (Lair:5)
  Snorg (D:12)
  2 rakshasas (D:13)
  A boulder beetle (D:11)
  A hydra (D:11)
  3 two-headed ogres
  A dancing weapon (Volcano)
  A centaur warrior (D:13)
  8 death yaks
  A spectral dire elephant (Lair:5)
  Urug (D:12)
  A spriggan (Lair:5)
  The ghost of Bl4cKSa5uke the Ducker, a novice GnGl of Ashenzari (D:7)
  Amaemon (Lair:1)
  A spectral anaconda (Lair:5)
  4 wizards (Volcano)
  3 necromancers (Lair:5)
  A deep elf pyromancer (D:13)
  An ugly thing (D:12)
  4 manticores
  6 black mambas
  An orange demon (Lair:1)
  2 cyclopes (D:13)
  26 elephants
  5 toenail golems (Volcano)
  Maurice (D:12)
  A dire elephant skeleton (Lair:5)
  3 gargoyles
  An unseen horror (D:13)
  Psyche (D:12)
  11 cane toads
  A rime drake (Lair:5)
  13 komodo dragons
  An efreet (D:13)
  2 kobold demonologists
  A yaktaur (D:13)
  3 merfolk (Lair:2)
  8 trolls
  A hornet (Lair:5)
  2 spectral elephants (Lair:5)
  7 slime creatures (D:12)
  3 blink frogs (Lair:4)
  7 dream sheep (Lair:2)
  A dire elephant simulacrum (Lair:5)
  2 wraiths
  49 yaks
  7 wyverns
  3 shadows
  7 basilisks
  A steam dragon (D:9)
  A death yak simulacrum (Lair:5)
  5 vampire mosquitoes
  A spectral cane toad (Lair:5)
  13 water moccasins
  A hydra simulacrum (IceCv)
  Duvessa (D:4)
  2 ice beasts (D:7)
  5 black bears
  A sky beast (D:4)
  6 orc warriors (D:10)
  44 wolves
  An ogre (D:7)
  10 centaurs
  A phantom (D:6)
  3 elephant skeletons (Lair:5)
  2 kobold brigands
  2 necrophages
  10 bullfrogs
  A cane toad simulacrum (Lair:5)
  A gnoll sergeant (D:8)
  5 scorpions
  8 wights
  2 jellies
  Dowan (D:4)
  6 killer bees
  An oklob sapling (D:5)
  4 electric eels
  2 howler monkeys (D:11)
  4 hounds
  2 gnoll boudas
  10 orc priests
  Jessica (D:2)
  6 iguanas
  7 orc wizards
  11 hell rats
  14 gnolls
  10 adders
  3 shadow imps
  2 white imps (D:6)
  An ufetubus (D:4)
  3 worms
  3 dart slugs
  25 orcs
  6 ball pythons
  7 endoplasms
  A giant cockroach (D:2)
  7 goblins
  5 hobgoblins
  3 jackals (D:1)
  19 kobolds
  7 quokkas
  11 bats
  7 frilled lizards
  7 rats
540 creatures vanquished.

Vanquished Creatures (others)
  A wizard (Volcano)
  18 bushes
  45 fungi
  193 plants
  15 withered plants (Lair:5)
272 creatures vanquished.

Grand Total: 812 creatures vanquished

Notes
Turn   | Place    | Note
-------+----------+-------------------------------------------
     0 | D:1      | scionoferis the Octopode Ice Elementalist began the quest
                  | for the Orb.
     0 | D:1      | Reached XP level 1. HP: 11/11 MP: 3/3
   243 | D:1      | Reached XP level 2. HP: 9/17 MP: 1/5
   918 | D:1      | Reached XP level 3. HP: 21/21 MP: 6/6
   922 | D:1      | Learned a level 3 spell: Frozen Ramparts
  1574 | D:2      | Reached skill level 5 in Ice Magic
  1574 | D:2      | Reached XP level 4. HP: 5/27 MP: 3/8
  1812 | D:1      | Learned a level 3 spell: Ozocubu's Armour
  2016 | D:2      | Noticed Jessica
  2022 | D:2      | Killed Jessica
  2023 | D:2      | Reached XP level 5. HP: 28/31 MP: 5/9
  2654 | D:2      | Found a faded altar of an unknown god.
  3499 | D:3      | Reached XP level 6. HP: 36/36 MP: 4/11
  3571 | D:3      | Learned a level 4 spell: Hailstorm
  4022 | D:4      | Noticed a black bear
  4052 | D:4      | Killed a black bear
  4053 | D:4      | Reached skill level 1 in Fighting
  4053 | D:4      | Reached skill level 1 in Conjurations
  4233 | D:4      | Noticed a sky beast
  4249 | D:4      | Killed a sky beast
  4250 | D:4      | Reached XP level 7. HP: 43/43 MP: 6/12
  4622 | D:4      | Found an ancient bone altar of Kikubaaqudgha.
  5110 | D:4      | Noticed Duvessa
  5110 | D:4      | Noticed Dowan
  5119 | D:4      | Killed Duvessa
  5140 | D:4      | Killed Dowan
  5644 | D:5      | Entered Level 5 of the Dungeon
  5745 | D:5      | Reached XP level 8. HP: 50/50 MP: 7/14
  6134 | D:5      | Found a staircase to the Ecumenical Temple.
  6562 | Temple   | Entered the Ecumenical Temple
  6703 | Temple   | Became a worshipper of Gozag Ym Sagoz the Greedy
  6890 | D:5      | Reached skill level 5 in Stealth
  7549 | D:6      | Found a transporter.
  7549 | D:6      | Noticed a kobold demonologist
  7552 | D:6      | Found a transporter.
  7576 | D:6      | Found a glowing golden altar of the Shining One.
  7865 | D:6      | Found a blossoming altar of Fedhas.
  7959 | D:6      | Found Uzoavain's Armour Boutique.
  8035 | D:6      | Found a hide-covered altar of Uskayaw.
  8352 | D:6      | Learned a level 4 spell: Airstrike
  8386 | D:7      | Reached skill level 1 in Air Magic
  8389 | D:7      | Reached XP level 9. HP: 55/56 MP: 8/16
  8646 | D:7      | Reached skill level 5 in Spellcasting
  9531 | D:7      | Noticed a troll
  9658 | D:7      | Reached skill level 5 in Air Magic
  9757 | D:7      | Found a runed translucent gate.
  9757 | D:7      | Found a runed translucent gate.
  9759 | D:7      | Found a runed translucent gate.
  9761 | D:7      | Noticed Bl4cKSa5uke's ghost (novice GnGl)
 10766 | D:8      | Noticed a manticore
 11289 | D:8      | Noticed a gargoyle
 11491 | D:8      | Reached skill level 5 in Conjurations
 11793 | D:8      | Reached XP level 10. HP: 58/63 MP: 13/19
 11879 | D:8      | Killed a manticore
 12416 | D:8      | Reached skill level 5 in Dodging
 12833 | D:8      | Killed a gargoyle
 13315 | D:8      | Learned a level 4 spell: Ice Form
 13400 | D:9      | Found a radiant altar of Vehumet.
 13400 | D:9      | Found a glowing silver altar of Zin.
 13602 | D:9      | Reached skill level 1 in Transmutations
 13806 | D:9      | Reached skill level 1 in Unarmed Combat
 14053 | D:9      | Found a staircase to the Lair.
 14691 | D:10     | Entered Level 10 of the Dungeon
 14748 | D:10     | Noticed a two-headed ogre
 14760 | D:10     | Killed a two-headed ogre
 14761 | D:10     | Reached skill level 5 in Fighting
 14761 | D:10     | Reached XP level 11. HP: 23/71 MP: 4/21
 15541 | D:10     | Found a sacrificial altar of Ru.
 16104 | D:10     | Found a bloodstained altar of Trog.
 16262 | D:10     | Found Warolote's Weapon Shop.
 16264 | D:10     | Found a staircase to the Orcish Mines.
 16323 | D:10     | Found an ornate altar of the Wu Jian Council.
 17059 | D:7      | Killed Bl4cKSa5uke's ghost
 17362 | Lair:1   | Entered Level 1 of the Lair of Beasts
 17643 | Lair:1   | Reached skill level 5 in Unarmed Combat
 17894 | Lair:1   | Reached skill level 5 in Transmutations
 18105 | Lair:1   | Reached XP level 12. HP: 77/77 MP: 13/23
 18376 | Lair:1   | Noticed Amaemon
 18387 | Lair:1   | Killed Amaemon
 19306 | D:9      | Bought a ring of protection from fire for 400 gold pieces
 19306 | D:9      | Bought a +4 ring of evasion for 576 gold pieces
 20076 | Lair:2   | Found a staircase to the Snake Pit.
 20147 | Lair:2   | You are sucked into a shaft and drop 2 floors!
 20166 | Lair:4   | Noticed a death yak
 20244 | Lair:4   | Found a dark tunnel.
 20255 | Volcano  | Entered a volcano
 21082 | Volcano  | Learned a level 3 spell: Swiftness
 21631 | Lair:3   | Reached XP level 13. HP: 81/81 MP: 19/26
 22191 | Lair:2   | Found a staircase to the Shoals.
 22665 | Lair:2   | Reached skill level 10 in Ice Magic
 23120 | D:9      | Bought a scroll of identify for 32 gold pieces
 23120 | D:9      | Bought a scroll of identify for 32 gold pieces
 23133 | D:9      | Upgraded the game from 0.29-a0-919-gd064cfad1c to
                  | 0.29-a0-923-g6e406bff71
 23618 | Lair:3   | Found a transporter.
 23618 | Lair:3   | Found a transporter.
 23618 | Lair:3   | Noticed a rakshasa
 23624 | Lair:3   | Noticed valliere's ghost (journeyman MiFi)
 23642 | Lair:3   | Found a one-way gate to the infinite horrors of the Abyss.
 24325 | Lair:3   | Noticed a rakshasa
 24772 | Lair:4   | Reached skill level 1 in Evocations
 25030 | Lair:4   | Noticed Rupert
 25827 | Lair:4   | Learned a level 1 spell: Apportation
 26342 | Lair:5   | Entered Level 5 of the Lair of Beasts
 26423 | Lair:5   | Found a staircase to the Slime Pits.
 26424 | Lair:5   | Found a viscous altar of Jiyva.
 26447 | Lair:5   | Reached skill level 10 in Spellcasting
 26472 | Lair:5   | Reached skill level 10 in Unarmed Combat
 26558 | Lair:5   | Reached skill level 1 in Translocations
 26752 | Lair:5   | Reached XP level 14. HP: 81/89 MP: 25/28
 26984 | Lair:5   | Noticed a dire elephant
 29685 | D:9      | Bought the ring "Wiritez" {Ice rElec Will+ Dex+5 Stlth-}
                  | for 859 gold pieces
 31339 | D:11     | Identified a scroll of acquirement
 31339 | D:11     | Acquired a ring of willpower
 31549 | D:12     | Found a runed translucent gate.
 31549 | D:12     | Found a runed translucent gate.
 31550 | D:12     | Found a runed translucent gate.
 31550 | D:12     | Noticed ragingrage's ghost (journeyman GrAr)
 31988 | D:12     | Noticed Snorg
 32022 | D:12     | Killed Snorg
 32326 | D:12     | Noticed Maurice
 32326 | D:12     | Noticed Psyche
 32340 | D:12     | Killed Maurice
 32341 | D:12     | Killed Psyche
 32721 | D:12     | Noticed Urug
 32731 | D:12     | Killed Urug
 33272 | D:9      | Bought a murky sapphire potion for 27 gold pieces
 33452 | Lair:5   | Noticed a dire elephant
 33641 | Lair:5   | Reached skill level 10 in Air Magic
 34548 | Lair:5   | Reached XP level 15. HP: 96/96 MP: 11/30
 35656 | Lair:4   | Killed Rupert
 35657 | Lair:4   | Reached skill level 5 in Evocations
 37653 | D:13     | Found Roon's Book Boutique.
 37658 | D:13     | Bought a book of Spatial Translocations for 416 gold pieces
 37661 | D:13     | Learned a level 2 spell: Blink
 38129 | D:13     | Found a gate to the Vaults.
 38841 | D:14     | Found a frozen archway.
 38856 | IceCv    | Entered an ice cave
 38882 | IceCv    | Slain by a caustic shrike simulacrum

Illustrated notes

Levels and vault maps discovered:
D:1:      erik_arrival_orb_chamber, layout_loops_corners
D:2:      cheibrodos_pilgrimage, layout_rooms, chequers_ecumenical_altar_grove,
          serial_bayou_pond_b, nrook_uturn, dk_noncrumbling_4, chequers_garden,
          uniq_jessica
D:3:      minmay_inner_zag, layout_basic
D:4:      layout_basic, mainiacjoe_overflow_alcove_4, serial_bayou,
          serial_bayou_pond_c, serial_bayou_pond_d, serial_bayou_crossing,
          serial_bayou_ford_a, kennysheep_decorative_pillar, uniq_duvessa
D:5:      layout_basic, minmay_temple_entry_oklob, minivault_14
D:6:      gammafunk_wand_slinger, layout_rooms,
          nicolae_uskayaw_murder_on_the_dancefloor,
          mainiacjoe_overflow_cross_hatched,
          mainiacjoe_overflow_concentric_impassable, serial_shops,
          nicolae_shop_statue_plus
D:7:      layout_basic, gammafunk_ghost_split
D:8:      layout_gridville, centaur_isle
D:9:      layout_loops_ring, amethyst_overflow_temple_binary,
          david_lair_shrubbed, grunt_decor_one_mirror
D:10:     layout_roguey, nzn_wu_jian_contemplation,
          mainiacjoe_overflow_alcove_1, trog_butcher_becter, orc_david_3
D:11:     layout_small_grid
D:12:     layout_cave_pools, gammafunk_ghost_spectres, uniq_maurice, uniq_urug,
          uniq_snorg, uniq_psyche
D:13:     layout_basic, skrybe_vaults_entry_preservation, serial_shops,
          shop_fountains, minmay_misc_feat_tower, minmay_misc_feat_hallway
D:14:     layout_basic, nrook_mini_backslash,
          portal_ice_cave_entry_pillars_three
Temple:   nicolae_temple_figure_eight
Lair:1:   layout_loops_ring, uniq_amaemon
Lair:2:   layout_hall_layers, elwin_shoals_entry_rooms,
          guppyfry_snake_entry_island, serial_bayou, serial_bayou_shore_a,
          serial_bayou_pond_a, serial_bayou_pond_c, serial_bayou_shore_b
Lair:3:   layout_loops_ring, gammafunk_ghost_abyssal_escape,
          kennysheep_basilisk_garden, infiniplex_staircase_pool_2
Lair:4:   layout_roguey, serial_bayou, serial_bayou_lagoon_b,
          serial_bayou_pond_d, serial_bayou_pond_b, serial_bayou_pond_d,
          enter_volcano_2, grunt_megastairs_5, uniq_rupert
Lair:5:   due_jungle_book, layout_long_grid, slime_entry_1, serial_forest,
          infiniplex_forest_clump_long, infiniplex_forest_end_1,
          infiniplex_forest_zigzag_1, infiniplex_forest_zigzag_1,
          infiniplex_forest_fountain, infiniplex_forest_straight_2,
          grunt_forest_large_clearings
IceCv:    ice_cave_statue_garden_chambered

Skill      XL: |  1  2  3  4  5  6  7  8  9 10 11 12 13 14 15 |
---------------+----------------------------------------------+-----
Ice Magic      | 5 6 7 8 9 10 11 | 11.5
Spellcasting   | 3 4 6 7 9 10 11 | 11.4
Stealth        | 3 4 5 6 |  6.0
Fighting       | 1 2 3 5 6 7 |  7.1
Conjurations   | 2 3 4 5 6 7 8 |  8.0
Dodging        | 3 4 5 6 7 |  7.7
Air Magic      | 1 5 6 7 8 9 10 | 10.7
Transmutations | 3 5 |  5.0
Unarmed Combat | 2 5 8 10 11 | 11.6
Evocations     | 2 4 5 |  5.3
Translocations | 1 3 |  3.3

Action                   |  1- 3 |  4- 6 |  7- 9 | 10-12 | 13-15 || total
-------------------------+-------+-------+-------+-------+-------++-------
Melee: Dagger            |    14 |       |       |       |       ||    14
       Constrict         |    11 |    18 |    36 |    13 |     2 ||    80
       Tentacles         |     9 |    21 |    36 |    12 |     5 ||    83
       Whip              |    28 |    70 |    36 |       |       ||   134
       Punch             |       |     1 |     5 |     1 |     1 ||     8
       Short sword       |       |       |   108 |    45 |     7 ||   160
       Unarmed           |       |       |       |   233 |   745 ||   978
Throw: Stone             |     4 |     7 |     8 |    12 |     2 ||    33
 Cast: Freeze            |    17 |       |       |       |       ||    17
       Frozen Ramparts   |     2 |    13 |    46 |    57 |    95 ||   213
       Ozocubu's Armour  |       |     5 |    24 |    43 |   102 ||   174
       Hailstorm         |       |       |     8 |    40 |    55 ||   103
       Airstrike         |       |       |     7 |    12 |     3 ||    22
       Ice Form          |       |       |       |    34 |   137 ||   171
       Swiftness         |       |       |       |       |     2 ||     2
       Apportation       |       |       |       |       |     1 ||     1
       Blink             |       |       |       |       |     1 ||     1
Invok: Call Merchant     |       |       |       |     2 |     1 ||     3
 Abil: End Transformatio |       |       |       |       |     2 ||     2
Evoke: Wand              |       |       |     4 |       |     3 ||     7
  Use: Potion            |       |       |     3 |     1 |     8 ||    12
       Scroll            |       |       |    10 |     6 |    10 ||    26
 Stab: Sleeping          |     4 |     7 |     9 |     2 |     7 ||    29
       Distracted        |       |       |       |     1 |     1 ||     2
Armor: Skin              |     3 |     8 |    36 |    72 |   211 ||   330
Dodge: Dodged            |    27 |    33 |   106 |   120 |   536 ||   822

Table legend: (Time is in decaauts)
 A = Elapsed time spent in this place.
 B = Non-inter-level travel time spent in this place.
 C = Inter-level travel time spent in this place.
 D = Time resting spent in this place.
 E = Time spent auto-exploring this place.
 F = Levels seen in this place.
 G = Mean time per level.
                   A        B        C        D        E       F      G
               +--------+--------+--------+--------+--------+-----+--------+
         Total |  38816 |  36500 |   2316 |   9293 |  17671 |  22 | 1764.4 |
       Dungeon |  24496 |  23125 |   1371 |   6162 |  11623 |  14 | 1749.7 |
        Temple |    167 |    148 |     19 |      0 |    127 |   1 |  167.0 |
          Lair |  12856 |  11930 |    926 |   2579 |   5921 |   5 | 2571.2 |
      Ice Cave |     24 |     24 |      0 |      0 |      0 |   1 |   24.0 |
       Volcano |   1271 |   1271 |      0 |    552 |      0 |   1 | 1271.0 |
               +--------+--------+--------+--------+--------+-----+--------+

Top non-repeatable levels by time:
  Lair:5: 4235 daAuts
     D:9: 2851 daAuts
     D:8: 2447 daAuts
     D:7: 2366 daAuts
  Lair:2: 2355 daAuts
  Lair:3: 2202 daAuts
  Lair:4: 2182 daAuts
     D:6: 2107 daAuts
    D:12: 2095 daAuts
    D:13: 2073 daAuts
  Lair:1: 1880 daAuts
     D:1: 1663 daAuts
    D:11: 1601 daAuts
    D:10: 1546 daAuts
     D:4: 1541 daAuts
